 Dungeon Crawl Stone Soup version 0.26-a0-1213-gd52f5182fe (webtiles) character file.

Game seed: 17937532974994981183

3001 HoaS the Cleaver (level 9, 0/72 HPs)
             Began as a Minotaur Gladiator on Dec 30, 2020.
             Was a Believer of Makhleb.
             Killed by vampiric draining
             ... invoked by a vampire
              (6 damage)
             ... on level 9 of the Dungeon.
             The game lasted 00:17:46 (5928 turns).

HoaS the Cleaver (Minotaur Gladiator)               Turns: 5928, Time: 00:17:47

Health: 0/72       AC: 12    Str: 22    XL:     9   Next: 54%
Magic:  8/8        EV: 17    Int:  5    God:    Makhleb [**....]
Gold:   344        SH:  0    Dex: 12    Spells: 8/8 levels left

rFire    . . .     SeeInvis .   y - +0 broad axe
rCold    . . .     Faith    .   (no shield)
rNeg     . . .     Spirit   .   r - +0 chain mail
rPois    .         Reflect  .   c - +2 hat
rElec    .         Harm     .   f - +0 cloak
rCorr    .         Rampage  .   (no gloves)
Will     .....                  (no boots)
Stlth    ..........             (no amulet)
HPRegen  0.22/turn              g - +4 ring of evasion
MPRegen  0.11/turn              j - +4 ring of evasion

@: confused
A: retaliatory headbutt, horns 2
a: Renounce Religion, Minor Destruction


You were on level 9 of the Dungeon.
You worshipped Makhleb.
Makhleb was pleased with you.
You visited 1 branch of the dungeon, and saw 9 of its levels.

You collected 344 gold pieces.

Inventory:

Hand Weapons
 y - a +0 broad axe (weapon)
Missiles
 d - 2 throwing nets (quivered)
Armour
 c - a +2 hat (worn)
 f - a +0 cloak (worn)
 r - a +0 chain mail (worn)
 z - +0 swamp dragon scales
Jewellery
 g - a +4 ring of evasion (left hand)
 i - an uncursed ring of fire
 j - a +4 ring of evasion (right hand)
 t - an uncursed ring of poison resistance
Wands
 u - a wand of acid (11)
Scrolls
 a - 5 scrolls of remove curse
 l - a scroll of fear
 o - a scroll of teleportation
 v - a scroll of identify
 w - 2 scrolls of enchant weapon
Potions
 b - 7 potions of curing
 e - 2 potions of resistance
 k - 2 potions of cancellation
 m - 2 potions of flight
 p - a potion of might {unknown}
 q - a potion of heal wounds {unknown}
 s - 2 potions of attraction {unknown}
 x - 2 potions of degeneration {unknown}


   Skills:
 - Level 4.6 Fighting
 + Level 14.5 Axes
 - Level 2.0 Throwing
 - Level 2.4 Armour
 - Level 4.1 Dodging


You had 8 spell levels left.
You didn't know any spells.
Your spell library contained the following spells:

 Spells                   Type           Power        Failure   Level
 Foxfire                  Conj/Fire      0%           99%         1
 Freeze                   Ice            0%           99%         1
 Sandblast                Erth           0%           99%         1
 Passwall                 Tmut/Erth      0%           100%        2
 Conjure Flame            Conj/Fire      0%           100%        3
 Frozen Ramparts          Ice            0%           100%        3
 Inner Flame              Hex/Fire       0%           100%        3
 Ozocubu's Armour         Ice            0%           100%        3
 Stone Arrow              Conj/Erth      0%           100%        3
 Hailstorm                Conj/Ice       0%           100%        4
 Petrify                  Tmut/Erth      0%           100%        4
 Sticky Flame             Conj/Fire      0%           100%        4
 Summon Ice Beast         Ice/Summ       0%           100%        4
 Fireball                 Conj/Fire      0%           100%        5
 Lee's Rapid Deconstruct  Erth           0%           100%        5


Dungeon Overview and Level Annotations

Branches:
Dungeon (9/15)             Temple (0/1) D:6
   Lair: D:8-11         Orc: D:9-12

Altars:
Elyvilon
Hepliaklqana
Kikubaaqudgha
Makhleb
Nemelex Xobeh
Qazlal
Sif Muna
Trog
Vehumet
Xom
Yredelemnul

Shops:
D:9 (

Annotations:
D:9 exclusion: obsidian statue, Harold


Innate Abilities, Weirdness & Mutations

You reflexively headbutt those who attack you in melee.
You have a pair of horns on your head.


Message History

You hear some strange, mumbled words.
You are confused.
You hit something but do no damage. Something hits you but does no damage.
Something bites you.
* * * LOW HITPOINT WARNING * * *
Something draws strength from your injuries!
You bump into the rock wall.
Something hits you but does no damage. Something bites you but does no damage.
You miss something. Your headbutt misses something.
You hear some strange, mumbled words.
Something tries to affect you, but you resist.
Your chain mail prevents you from hitting something.
Your headbutt misses something. Something hits you.
* * * LOW HITPOINT WARNING * * *
Something bites you but does no damage.
You miss something. Something hits you but does no damage. Something bites you.
* * * LOW HITPOINT WARNING * * *
Something draws strength from your injuries!
You bump into the rock wall.
Unholy energy fills the air.
You die...

#.# #.####### #.#
#.# #.########.#
#..........#
#######.########.#
@./...@.# #.#
#######O# #.# #{#
#.####### #@#
#>...†..< #.#
#.....†.. #.#
#........ #.#
#........ #.#
#........ #.#
#........ #.#
#.>...... ###
#########


You could see Harold (wandering) and a two-headed ogre.

Vanquished Creatures
  Maggie (D:9)
  Psyche (D:8)
  A water moccasin (D:8)
  An ice beast (D:3)
  The ghost of skk the Ruffian, an amateur NaTm (D:3)
  4 ogres
  2 phantoms
  A bullfrog (D:3)
  A scorpion (D:5)
  9 wights
  3 howler monkeys (D:9)
  A crimson imp (D:4)
  3 hounds
  4 orc wizards
  A bullfrog skeleton (D:7)
  2 jellies
  A centaur zombie (D:7)
  5 orc priests
  2 iguanas
  4 worker ants
  A hound skeleton (D:5)
  4 gnolls (D:6)
  16 adders
  A shadow imp (D:5)
  4 white imps
  2 oozes
  2 adder skeletons
  A worm (D:3)
  6 dart slugs
  5 leopard geckos
  18 orcs
  10 bats
  2 giant cockroaches
  11 goblins
  4 hobgoblins
  4 jackals
  A quokka (D:4)
  A ball python (D:3)
  7 frilled lizards
  A jackal skeleton (D:5)
  10 kobolds
  A leopard gecko zombie (D:5)
  A quokka skeleton (D:4)
  A quokka zombie (D:7)
  7 rats
169 creatures vanquished.

Notes
Turn   | Place    | Note
-------+----------+-------------------------------------------
     0 | D:1      | HoaS the Minotaur Gladiator began the quest for the Orb.
     0 | D:1      | Reached XP level 1. HP: 18/18 MP: 0/0
    66 | D:1      | Reached skill level 4 in Axes
   106 | D:1      | Reached XP level 2. HP: 25/25 MP: 1/1
   334 | D:1      | Reached skill level 5 in Axes
   337 | D:1      | You fall into a shaft and drop 1 floor!
   350 | D:2      | Reached XP level 3. HP: 9/30 MP: 2/2
   909 | D:2      | Found a faded altar of an unknown god.
   934 | D:2      | Reached skill level 6 in Axes
   934 | D:2      | Reached XP level 4. HP: 32/37 MP: 3/3
  1314 | D:2      | Found a shimmering altar of Xom.
  1396 | D:2      | Reached XP level 5. HP: 42/42 MP: 4/4
  1418 | D:2      | Reached skill level 7 in Axes
  1791 | D:3      | Noticed an ice beast
  1797 | D:3      | Killed an ice beast
  1798 | D:3      | Reached skill level 8 in Axes
  1825 | D:3      | Reached XP level 6. HP: 50/50 MP: 5/5
  1836 | D:3      | Found a hazy altar of Hepliaklqana.
  1968 | D:3      | Found a runed translucent door.
  1969 | D:3      | Noticed skk's ghost (amateur NaTm)
  2057 | D:3      | Killed skk's ghost
  2058 | D:3      | Reached skill level 9 in Axes
  2237 | D:4      | Reached XP level 7. HP: 29/56 MP: 6/6
  2478 | D:4      | Reached skill level 10 in Axes
  2689 | D:4      | Found an ancient bone altar of Kikubaaqudgha.
  2701 | D:4      | Found a shimmering blue altar of Sif Muna.
  2701 | D:4      | Found a stormy altar of Qazlal.
  2702 | D:4      | Found a white marble altar of Elyvilon.
  2706 | D:4      | Found a basalt altar of Yredelemnul.
  2786 | D:4      | Found a shimmering altar of Xom.
  2787 | D:4      | Found a burning altar of Makhleb.
  2790 | D:4      | Reached skill level 11 in Axes
  2794 | D:4      | Became a worshipper of Makhleb the Destroyer
  2936 | D:5      | Entered Level 5 of the Dungeon
  3840 | D:5      | Reached XP level 8. HP: 62/62 MP: 7/7
  3915 | D:6      | You fall into a shaft and drop 1 floor!
  4009 | D:6      | Reached skill level 12 in Axes
  4027 | D:6      | Found a staircase to the Ecumenical Temple.
  4146 | D:6      | Reached * piety under Makhleb
  4215 | D:6      | Found a radiant altar of Vehumet.
  4215 | D:6      | Found a bloodstained altar of Trog.
  4539 | D:7      | Reached skill level 13 in Axes
  5292 | D:8      | Noticed Psyche
  5300 | D:8      | Killed Psyche
  5301 | D:8      | Reached skill level 14 in Axes
  5301 | D:8      | Reached XP level 9. HP: 35/68 MP: 8/8
  5310 | D:8      | Reached skill level 1 in Armour
  5592 | D:8      | Found a sparkling altar of Nemelex Xobeh.
  5722 | D:9      | Noticed an obsidian statue
  5779 | D:9      | Reached ** piety under Makhleb
  5798 | D:9      | Noticed Maggie
  5807 | D:9      | Killed Maggie
  5816 | D:9      | Found Wigg's Weapon Shop.
  5909 | D:9      | Noticed a two-headed ogre
  5913 | D:9      | Noticed Harold
  5928 | D:9      | Killed from afar by a vampire

Illustrated notes

Levels and vault maps discovered:
D:1:      erik_arrival_triangle_small, layout_basic
D:2:      layout_rooms, chequers_ecumenical_altar_simple_redux,
          lemuel_altar_in_water
D:3:      minmay_evil_eye, layout_basic, lemuel_crystal_altar,
          ebering_ghost_sewer_d
D:4:      layout_basic, minitemple, grunt_temple_overflow_champion_of_chaos
D:5:      layout_layer_cave
D:6:      layout_rooms, gammafunk_temple_overflow_pools, temple_statues
D:7:      layout_gridville
D:8:      layout_basic, nemelex_altar_shiori, uniq_psyche
D:9:      layout_small_grid, grunt_gozag_breadcrumbs, serial_shops, shop,
          enter_bailey_8, minmay_protected_statue, uniq_maggie, uniq_harold

Skill      XL: |  1  2  3  4  5  6  7  8  9 |
---------------+----------------------------+-----
Axes           | 4 5 6 8 9 11 14 | 14.5
Fighting       | 4 |  4.6
Armour         | 2 |  2.4
Dodging        | 4 |  4.1
Throwing       | |  2.0

Action                   |  1- 3 |  4- 6 |  7- 9 || total
-------------------------+-------+-------+-------++-------
Melee: War axe           |    63 |     5 |       ||    68
       Headbutt          |     6 |    14 |    31 ||    51
       Hand axe          |       |    76 |   199 ||   275
       Broad axe         |       |       |    21 ||    21
Throw: Throwing net      |     1 |       |     3 ||     4
  Use: Scroll            |     4 |     9 |     8 ||    21
       Potion            |       |       |     1 ||     1
 Stab: Held in net/web   |       |       |     1 ||     1
Armor: Leather armour    |    13 |     2 |       ||    15
       Scale mail        |       |    12 |     4 ||    16
       Chain mail        |       |       |    30 ||    30
Dodge: Dodged            |    52 |    75 |   116 ||   243

Table legend: (Time is in decaauts)
 A = Elapsed time spent in this place.
 B = Non-inter-level travel time spent in this place.
 C = Inter-level travel time spent in this place.
 D = Time resting spent in this place.
 E = Time spent auto-exploring this place.
 F = Levels seen in this place.
 G = Mean time per level.
                   A        B        C        D        E       F      G
               +--------+--------+--------+--------+--------+-----+--------+
         Total |   5869 |   5479 |    390 |    890 |   3607 |   9 |  652.1 |
       Dungeon |   5869 |   5479 |    390 |    890 |   3607 |   9 |  652.1 |
               +--------+--------+--------+--------+--------+-----+--------+

Top non-repeatable levels by time:
     D:2: 968 daAuts
     D:5: 893 daAuts
     D:7: 748 daAuts
     D:4: 704 daAuts
     D:3: 661 daAuts
     D:1: 606 daAuts
     D:8: 596 daAuts
     D:6: 535 daAuts
     D:9: 155 daAuts
